 Dungeon Crawl Stone Soup version 0.17-a0-2093-gc772f4b (webtiles) character file.

23 ololoev the Skirmisher (level 2, -1/24 HPs)
             Began as a Demonspawn Fighter on Oct 16, 2015.
             Slain by a quokka (4 damage)
             ... on level 2 of the Dungeon.
             The game lasted 00:00:47 (128 turns).

ololoev the Skirmisher (Demonspawn Fighter)          Turns: 128, Time: 00:00:47

Health: -1/24      AC:  6    Str: 16    XL:     2   Next: 72%
Magic:  2/2        EV:  6    Int:  9    God:
Gold:   7          SH:  8    Dex: 12    Spells: 0 memorised, 1 level left

rFire  . . .     SeeInvis .     a - +0 war axe
rCold  . . .     Clarity  .     b - +0 scale mail
rNeg   . . .     SustAt   .     c - +0 shield
rPois  .         Gourm    .     (no helmet)
rElec  .         Spirit   .     (no cloak)
rCorr  .         Warding  .     (no gloves)
rMut   .         Stasis   .     (no boots)
MR     .....                    (no amulet)
Stlth  ..........               (no ring)
                                (no ring)

@: not resistant to hostile enchantments, extremely unstealthy
A: powered by pain 1
a: no special abilities


Innate Abilities, Weirdness & Mutations

You sometimes gain a little power by taking damage.

Inventory:

Hand Weapons
 a - a +0 war axe (weapon)
Armour
 b - a +0 scale mail (worn)
 c - a +0 shield (worn)
Scrolls
 f - a scroll of enchant weapon {unknown}
 h - a scroll of remove curse {unknown}
Potions
 d - a potion of might
 g - 2 potions of brilliance
Comestibles
 e - a bread ration


   Skills:
 - Level 3.0 Fighting
 * Level 2.6 Axes
 + Level 3.0 Armour
 - Level 2.6 Shields


You had one spell level left.
You didn't know any spells.


You were on level 2 of the Dungeon.
You were not hungry.

You visited 1 branch of the dungeon, and saw 2 of its levels.

You collected 7 gold pieces.

## ##.....##..#
#..#.......#....
#..#.......#...##
#......_.....###
#..#.......#..>
#..#.......#...
#. ##.....## .##
#..####.####....
#.......@.......
#.#..####r..?...
#... ....... ##.
....... # #......
...... ......
......

Notes
Turn   | Place    | Note
--------------------------------------------------------------
     0 | D:1      | ololoev the Demonspawn Fighter began the quest for the Orb.
     0 | D:1      | Reached XP level 1. HP: 18/18 MP: 1/1
    64 | D:2      | Gained mutation: You sometimes gain a little power by taking damage. [demonic ancestry]
    64 | D:2      | Reached XP level 2. HP: 20/24 MP: 2/2
   104 | D:2      | Found a shadowy altar of Dithmenos.
   128 | D:2      | Slain by a quokka

Dungeon Overview and Level Annotations

Branches:
Dungeon (2/15)

Altars:
Dithmenos


Message History

You hit the hobgoblin.
The hobgoblin is severely wounded.
The hobgoblin hits you. You block the goblin's attack.
The hobgoblin hits you but does no damage.
You slash the goblin!
You kill the goblin!
Your shield and scale mail prevent you from hitting the hobgoblin.
The hobgoblin is severely wounded.
The hobgoblin barely misses you.
You are too injured to fight recklessly!
You are too injured to fight recklessly!
You closely miss the hobgoblin.
The hobgoblin is severely wounded.
You block the hobgoblin's attack. The hobgoblin hits you.
You closely miss the hobgoblin.
The hobgoblin is severely wounded.
The hobgoblin hits you but does no damage.
Your shield and scale mail prevent you from hitting the hobgoblin.
The hobgoblin is severely wounded.
The hobgoblin barely misses you. You block the hobgoblin's attack.
You slash the hobgoblin!
You kill the hobgoblin!
You see here a hobgoblin corpse.
Found a scroll labeled XAANIE NYFEILE.
g - 2 potions of brilliance (gained 1)
Found a stone staircase leading down.
There is a shadowy altar of Dithmenos here.
A quokka comes into view.
Found a scroll labeled LEKLUC ROCA.
You see here a scroll labeled XAANIE NYFEILE.
h - a scroll labeled XAANIE NYFEILE The quokka bites you.
You barely miss the quokka. The quokka bites you.
The quokka bites you but does no damage.
You closely miss the quokka.
The quokka bites you but does no damage.
You block the quokka's attack.
Your shield prevents you from hitting the quokka.
You block the quokka's attack. The quokka bites you.
You die...

You could see a quokka.

Vanquished Creatures
  An adder (D:2)
  A worm (D:1)
  A ball python (D:2)
  3 hobgoblins (D:2)
  3 goblins (D:2)
  A kobold (D:2)
10 creatures vanquished.

Action                   || total
-------------------------++-------
Melee: War axe           ||    37
  Use: Potion            ||     2

Vault maps used:
D:1:      evilmike_arrival_run_for_it
D:2:      old_standard_altar, uniq_sigmund
